 Dungeon Crawl Stone Soup version 0.30.1 (webtiles) character file.

Game seed: 6459119911991337116

68802 LynnLen the Unseen (level 14, -26/70 HPs)
             Began as a Spriggan Enchanter on July 8, 2023.
             Was the Champion of Dithmenos.
             Killed from afar by an ogre mage (49 damage)
             ... with a bolt of magma
             ... on level 2 of the Orcish Mines.
             The game lasted 01:21:16 (23419 turns).

LynnLen the Unseen (Spriggan Enchanter)            Turns: 23419, Time: 01:21:17

Health: -26/70     AC: 13    Str:  4    XL:     14   Next: 88%
Magic:  18/28      EV: 11    Int: 20    God:    Dithmenos [******]
Gold:   217        SH:  0    Dex: 23    Spells: 14/31 levels left

rFire   . . .        B - +4 dagger (venom)
rCold   + + .        (no shield)
rNeg    + + .        k - +0 pearl dragon scales
rPois   .            U - +0 hat of the Evening {Drain rC+ rN+ rCorr}
rElec   .            D - +2 cloak
rCorr   +            (gloves unavailable)
SInv    +            (boots unavailable)
Will    ++...        j - amulet of regeneration Stlth *+++++++++
                     h - ring of protection from cold
HPRegen 1.11/turn    E - +6 ring of dexterity
MPRegen 0.21/turn

%: no passive effects
@: wreathed by umbra, very quick
A: very small, no large weapons, unfitting armour, see invisible, speed 3
a: Renounce Religion, Shadow Step, Shadow Form


You were on level 2 of the Orcish Mines.
You worshipped Dithmenos.
Dithmenos was exalted by your worship.
You visited 4 branches of the dungeon, and saw 18 of its levels.
You also visited: Sewer and Gauntlet.

You collected 1617 gold pieces.
You spent 1400 gold pieces at shops.

Inventory:

Hand Weapons
 B - a +4 dagger of venom (weapon)
Missiles
 e - 27 poisoned darts
 i - a throwing net
 q - 8 curare-tipped darts
Armour
 k - +0 pearl dragon scales (worn)
 D - a +2 cloak (worn)
 O - a +2 troll leather armour
 U - the +0 hat of the Evening (worn) {Drain rC+ rN+ rCorr}
   (You found it in a Gauntlet)

   rC:        It protects you from cold.
   rN:        It protects you from negative energy.
   rCorr:     It protects you from acid and corrosion.
   Drain:     It drains your maximum health when unequipped.
Jewellery
 c - a +6 ring of strength
 h - a ring of protection from cold (left hand)
 j - an amulet of regeneration (around neck)
 o - a +5 ring of evasion
 w - a ring of fire
 E - a +6 ring of dexterity (right hand)
 M - an amulet of reflection
 N - a ring of resist corrosion
 Q - a ring of ice
 R - a ring of flight
Wands
 a - a wand of quicksilver (13)
 b - a wand of paralysis (5)
 C - a wand of flame (21)
 F - a wand of mindburst (18)
 H - a wand of roots (3)
Scrolls
 g - 3 scrolls of poison
 m - 5 scrolls of amnesia
 n - 3 scrolls of fog
 t - a scroll of butterflies
 v - 7 scrolls of teleportation
 y - 4 scrolls of fear
 A - a scroll of magic mapping
 G - a scroll of torment
 L - 2 scrolls of blinking
Potions
 d - 4 potions of brilliance
 f - 2 potions of cancellation
 l - a potion of heal wounds
 p - 2 potions of might
 r - 3 potions of haste
 s - a potion of resistance
 x - 3 potions of curing
 z - a potion of mutation
 I - 6 potions of ambrosia
 J - 3 potions of attraction
 K - a potion of invisibility
Miscellaneous
 S - a tin of tremorstones (2/2)


   Skills:
 + Level 6.1 Fighting
 - Level 10.0 Short Blades
 + Level 10.3 Dodging
 * Level 19.0 Stealth
 + Level 9.2 Spellcasting
 - Level 3.0 Conjurations
 * Level 14.9 Hexes
 + Level 5.1 Ice Magic
 - Level 3.7 Earth Magic
 + Level 7.4 Invocations
 + Level 9.5 Evocations


You had 14 spell levels left.
You knew the following spells:

 Your Spells              Type           Power      Damage    Failure   Level
a - Ensorcelled Hibernat  Hex/Ice        98%        N/A       16%         2
b - Confusing Touch       Hex            62%        N/A       4%          3
c - Tukima's Dance        Hex            62%        N/A       4%          3
d - Iron Shot             Conj/Erth      11%        9d3       100%        6
e - Stone Arrow           Conj/Erth      46%        3d9       99%         3

Your spell library contained the following spells:

 Spells                   Type           Power      Damage    Failure   Level
 Dazzling Flash           Conj/Hex       90%        N/A       43%         3
 Sandblast                Erth           48%        2d12      80%         1
 Fulminant Prism          Conj/Hex       22%        3d12      85%         4
 Foxfire                  Conj/Fire      60%        2x1d7     98%         1
 Passwall                 Tmut/Erth      13%        N/A       99%         2
 Necrotise                Necr           36%        1d5       100%        1
 Lesser Beckoning         Tloc           18%        N/A       100%        2
 Sublimation of Blood     Necr           9%         N/A       100%        2
 Wereblood                Tmut           9%         N/A       100%        2
 Gell's Gravitas          Tloc           9%         N/A       100%        3
 Ignite Poison            Fire/Tmut/Pois 9%         N/A       100%        3
 Teleport Other           Tloc           9%         N/A       100%        3
 Vampiric Draining        Necr           9%         2d6       100%        3
 Volatile Blastmotes      Fire/Tloc      18%        2d11      100%        3
 Animate Armour           Summ/Erth      32%        N/A       100%        4
 Animate Dead             Necr           9%         N/A       100%        4
 Iskenderun's Mystic Bla  Conj/Tloc      15%        2d5       100%        4
 Sticky Flame             Conj/Fire      15%        2d4       100%        4
 Agony                    Necr           9%         N/A       100%        5
 Blade Hands              Tmut           4%         N/A       100%        5
 Fireball                 Conj/Fire      7%         3d5       100%        5
 Lee's Rapid Deconstruct  Erth           12%        3d8*      100%        5
 Plasma Beam              Fire/Air       4%         2x1d16    100%        6
 Starburst                Conj/Fire      7%         6d4       100%        6
 Summon Hydra             Summ           4%         N/A       100%        7
 Ignition                 Fire           4%         3d4       100%        8


Dungeon Overview and Level Annotations

Branches:
Dungeon (10/15)            Temple (1/1) D:4            Lair (5/5) D:10
 Shoals (0/4) Lair:2       Spider (0/4) Lair:3        Slime (0/5) Lair:4
    Orc (2/2) D:10            Elf (0/3) Orc:2         Sewer (visited)
Gauntlet (visited)

Altars:
Ashenzari
Cheibriados
Dithmenos
Elyvilon
Fedhas
Gozag
Hepliaklqana
Kikubaaqudgha
Makhleb
Nemelex Xobeh
Okawaru
Qazlal
Ru
Sif Muna
Trog
Uskayaw
Vehumet
Wu Jian
Xom
Yredelemnul
Zin
The Shining One

Shops:
D:3 :(   D:5 *!   D:8 ?

Annotations:
D:8 4 runed translucent doors
D:9 2 transporters, ZoeForever1's ghost, novice DrTm
Lair:3 2 transporters, kawopi's ghost, journeyman DgTm
Lair:4 exclusion: 4 oklob plants
Orc:1 3 runed translucent doors, suzumiya's ghost, journeyman TrBe


Innate Abilities, Weirdness & Mutations

You are very small and have problems with some larger weapons.
You are too small for most types of armour.
You have supernaturally acute eyesight. (SInv)
You cover ground extremely quickly. (Speed+++)


Message History

Something closely misses your +0 giant club.
Your +0 giant club hits something!!
Your +0 giant club hits the ogre.
Your +0 giant club falls from the air.
You see here an ogre skeleton.
The ogre mage shouts!
You hear a shout!
The ogre mage gestures at the ogre mage while chanting.
The ogre mage seems to speed up.
The ogre mage gestures at you while chanting.
You resist with almost no effort.
Aiming: Tukima's Dance (dangerous; 4% risk of failure)
Press: ? - help, Q - select action, (/) - cycle Shift-Dir - straight line, f/p - ogre mage
Aim: an ogre mage, wielding a +0 spear and wearing a +0 robe (fast, slightly transparent, umbra, chance to affect: 26%)
The +0 club dances into the air!
The ogre mage closely misses your +0 club.
The ogre hits your +0 club with a +0 giant spiked club!!
Your +0 club falls from the air.
The ogre mage gestures at you while chanting.
You resist with almost no effort.
You see here a +0 plate armour.
You see here a +0 giant club.
Aiming: Tukima's Dance (dangerous; 4% risk of failure)
Press: ? - help, Q - select action, (/) - cycle Shift-Dir - straight line, f/p - ogre mage
Aim: an ogre mage, wielding a +0 spear and wearing a +0 robe (fast, slightly transparent, umbra, chance to affect: 26%)
The ogre mage easily resists.
Unknown command.
You see here a +0 giant spiked club.
The ogre mage gestures at you while chanting.
The bolt of magma hits you!!
You emit a cloud of dark smoke.
The ogre mage points at you and mumbles some strange words.
The bolt of magma hits you!!
Ouch! That really hurt!
* * * LOW HITPOINT WARNING * * *
You emit a cloud of dark smoke.
You feel much better.
Okay, then.
The ogre mage gestures at you while chanting.
The bolt of magma hits you!!!
Ouch! That really hurt!
You die...

#.#.........####..........# ###.
##...........##............###...
#............##).[.........##..^.
#............###............#..[.
........##.[[.#......###......)..
.......###.)[)..[...###.......÷..
......####.§§.......###.......)##
....##.##.§§§)).)...[##........).
#....###...§§§..@[..)).[..<...)..
#.....#...§§O###....)...)........
##........§§§§#.............##..[
#.........§§§##.^...........#...)
###..........###.........#.#####[
###.....OO## ##........### ##
###.>.....O# ###...#..# #.
#....)...).## #####.## ##
###....#..[..#### ### #


You could see an ogre mage (fast, invisible).

Vanquished Creatures
  Rupert (Lair:5)
  An orc warlord (Orc:2)
  A minotaur (Gauntlet)
  An ettin (Orc:2)
  4 hydras
  Josephine (Orc:1)
  An ogre mage (Orc:2)
  A boulder beetle (Lair:3)
  6 two-headed ogres
  A tengu warrior (Gauntlet)
  4 death yaks (Lair:5)
  Erica (D:9)
  Sonja (Lair:2)
  A skyshark (Lair:4)
  A fire crab (Lair:5)
  A lindwurm (Lair:4)
  5 orc sorcerers
  An oklob plant (Gauntlet)
  A wolf spider (Gauntlet)
  7 elephants
  A moth of wrath (Gauntlet)
  A cyclops (Orc:1)
  A torpor snail (Lair:4)
  8 cane toads
  A tengu conjurer (Gauntlet)
  A rime drake (Lair:5)
  14 komodo dragons
  8 polar bears (Lair:5)
  7 trolls
  A queen bee (Lair:4)
  3 meliai (Lair:4)
  4 hornets (Lair:5)
  A snapping turtle (Lair:2)
  6 dream sheep (Lair:5)
  24 blink frogs
  12 spriggans (Lair:5)
  6 culicivoras (Lair:3)
  A vampire (D:10)
  3 wraiths (Orc:1)
  37 yaks
  2 fire bats (Lair:2)
  7 wyverns
  Grum (D:8)
  6 basilisks
  3 steam dragons
  2 redbacks (Gauntlet)
  Menkaure (D:5)
  2 acid dragons (Gauntlet)
  Duvessa (D:4)
  20 water moccasins
  14 orc warriors
  9 black bears
  22 wolves
  7 ogres
  3 boggarts (Lair:5)
  2 centaurs
  6 kobold brigands
  2 phantoms (D:4)
  4 scorpions
  A gnoll sergeant (D:9)
  20 bullfrogs
  4 wights (D:8)
  49 killer bees
  Dowan (D:4)
  3 howler monkeys
  A bullfrog zombie (D:4)
  14 jellies (Lair:4)
  A gnoll bouda (D:6)
  7 hounds
  10 orc priests
  Crazy Yiuf (D:5)
  4 iguanas
  11 orc wizards
  A hell rat (Lair:4)
  3 hound zombies (D:4)
  A hound skeleton (D:4)
  15 adders
  15 gnolls
  6 river rats
  2 white imps
  An ufetubus (D:5)
  An adder skeleton (D:4)
  3 worms
  6 dart slugs
  52 orcs
  12 ball pythons
  8 endoplasms
  7 giant cockroaches
  8 goblins
  8 hobgoblins
  5 jackals
  34 kobolds
  2 quokkas
  4 bats
  9 frilled lizards
  8 rats
633 creatures vanquished.

Vanquished Creatures (collateral kills)
  4 two-headed ogres (Orc:2)
  3 orc warriors
  12 ogres
  An orc priest (Orc:2)
  An orc wizard (Orc:2)
  4 orcs (Orc:2)
25 creatures vanquished.

Vanquished Creatures (others)
  A troll (Orc:2)
  15 dancing weapons
  2 orcs (Orc:2)
18 creatures vanquished.

Grand Total: 676 creatures vanquished

Notes
Turn   | Place    | Note
-------+----------+-------------------------------------------
     0 | D:1      | LynnLen the Spriggan Enchanter began the quest for the Orb.
     0 | D:1      | Reached XP level 1. HP: 9/9 MP: 5/5
    43 | D:1      | You fall into a shaft and drop 1 floor!
   289 | D:1      | Reached XP level 2. HP: 7/13 MP: 6/6
   297 | D:1      | Reached skill level 5 in Stealth
   381 | D:1      | Learned a level 2 spell: Ensorcelled Hibernation
  1281 | D:2      | Reached XP level 3. HP: 15/16 MP: 2/8
  1368 | D:2      | Identified the +0 pair of boots of Entitlement {+Blink Fly
                  | Dex+2}
  1647 | D:2      | Reached skill level 6 in Stealth
  1707 | D:2      | Found a broken altar of Ashenzari.
  1710 | D:2      | Reached XP level 4. HP: 21/21 MP: 9/9
  1998 | D:3      | Found Heduefaw's Book Boutique.
  2098 | D:3      | Found Yfay's Antique Weapon Emporium.
  2240 | D:3      | Found a radiant altar of Vehumet.
  2253 | D:3      | Found a glowing golden altar of the Shining One.
  2400 | D:3      | Found a glowing drain.
  2404 | Sewer    | Entered a sewer
  2450 | Sewer    | Reached XP level 5. HP: 24/24 MP: 10/10
  2565 | Sewer    | Reached skill level 5 in Hexes
  2663 | Sewer    | Reached skill level 7 in Stealth
  2663 | Sewer    | Reached skill level 1 in Ice Magic
  2730 | Sewer    | Learned a level 3 spell: Confusing Touch
  2734 | Sewer    | Learned a level 3 spell: Tukima's Dance
  2764 | Sewer    | Reached XP level 6. HP: 27/28 MP: 4/11
  3556 | D:3      | Reached skill level 8 in Stealth
  4243 | D:4      | Reached XP level 7. HP: 26/32 MP: 6/12
  4387 | D:4      | Found a stormy altar of Qazlal.
  4409 | D:4      | Noticed Dowan
  4409 | D:4      | Noticed Duvessa
  4468 | D:4      | Killed Duvessa
  4469 | D:4      | Reached skill level 9 in Stealth
  4483 | D:4      | Killed Dowan
  4677 | D:4      | Found a staircase to the Ecumenical Temple.
  4704 | Temple   | Entered the Ecumenical Temple
  4709 | Temple   | Became a worshipper of Dithmenos the Shadowed
  4819 | D:4      | Found a blossoming altar of Fedhas.
  5057 | D:4      | Reached XP level 8. HP: 28/36 MP: 3/13
  5200 | D:5      | Entered Level 5 of the Dungeon
  5227 | D:5      | Reached skill level 10 in Stealth
  5315 | D:5      | Found Pmpel's Practical Paraphernalia.
  5470 | D:5      | Found a runed translucent door.
  5471 | D:5      | Noticed Crazy Yiuf
  5523 | D:5      | Found Kiciv's Distillery.
  5673 | D:5      | Noticed Menkaure
  5675 | D:5      | Killed Menkaure
  5808 | D:5      | Reached * piety under Dithmenos
  6032 | D:5      | Reached skill level 5 in Short Blades
  6082 | D:5      | Killed Crazy Yiuf
  6083 | D:5      | Reached skill level 11 in Stealth
  6390 | D:6      | Found a broken altar of Ashenzari.
  6391 | D:6      | Found a bloodstained altar of Trog.
  6392 | D:6      | Found an ornate altar of the Wu Jian Council.
  6393 | D:6      | Found an ancient bone altar of Kikubaaqudgha.
  6541 | D:6      | Noticed a troll
  6587 | D:6      | Killed a troll
  6588 | D:6      | Reached XP level 9. HP: 25/40 MP: 11/14
  6792 | D:6      | Reached skill level 1 in Evocations
  7207 | D:7      | Reached skill level 1 in Invocations
  7254 | D:7      | Found a shimmering blue altar of Sif Muna.
  7294 | D:7      | Found a hazy altar of Hepliaklqana.
  7479 | D:7      | Reached skill level 1 in Fighting
  7582 | D:7      | Reached ** piety under Dithmenos
  7754 | D:7      | Reached skill level 12 in Stealth
  8034 | D:8      | Found a huge runed translucent gate.
  8037 | D:8      | Found a huge runed translucent gate.
  8037 | D:8      | Found a huge runed translucent gate.
  8037 | D:8      | Found a huge runed translucent gate.
  8037 | D:8      | Noticed a polar bear
  8040 | D:8      | Noticed a polar bear
  8040 | D:8      | Noticed a polar bear
  8231 | D:8      | Noticed Grum
  8274 | D:8      | Killed Grum
  8563 | D:8      | Found Vaahujo's Magic Scroll Emporium.
  8589 | D:8      | Reached XP level 10. HP: 43/46 MP: 16/16
  8647 | D:9      | Noticed a two-headed ogre
  8989 | D:9      | Found a snail-covered altar of Cheibriados.
  9065 | D:9      | Reached skill level 10 in Hexes
  9102 | D:9      | Reached skill level 13 in Stealth
  9357 | D:9      | Noticed Erica
  9365 | D:9      | Killed Erica
  9366 | D:9      | Reached skill level 5 in Dodging
  9554 | D:9      | Found a transporter.
  9557 | D:9      | Found a transporter.
  9558 | D:9      | Noticed ZoeForever1's ghost (novice DrTm)
  9613 | D:9      | Reached *** piety under Dithmenos
  9979 | D:10     | Entered Level 10 of the Dungeon
 10010 | D:10     | Noticed a two-headed ogre
 10014 | D:10     | Killed a two-headed ogre
 10037 | D:10     | Found a staircase to the Lair.
 10254 | D:10     | Reached XP level 11. HP: 51/51 MP: 13/19
 10346 | D:10     | Reached skill level 5 in Spellcasting
 10779 | D:10     | Found a staircase to the Orcish Mines.
 10805 | D:10     | Reached skill level 14 in Stealth
 11341 | Lair:1   | Entered Level 1 of the Lair of Beasts
 11382 | Lair:1   | Reached skill level 5 in Evocations
 11635 | Lair:1   | Reached **** piety under Dithmenos
 12743 | Lair:2   | Noticed a four-headed hydra
 12806 | Lair:2   | Noticed a death yak
 12807 | Lair:2   | Noticed a death yak
 12808 | Lair:2   | Noticed a death yak
 13171 | Lair:2   | Reached skill level 15 in Stealth
 13175 | Lair:2   | Noticed Sonja
 13180 | Lair:2   | Killed Sonja
 13181 | Lair:2   | Reached XP level 12. HP: 56/57 MP: 17/22
 13241 | Lair:2   | Found a staircase to the Shoals.
 13288 | Lair:2   | Noticed a death yak
 13289 | Lair:2   | Noticed a death yak
 13591 | Lair:3   | Found a transporter.
 13593 | Lair:3   | Found a gate leading to a gauntlet.
 13653 | Gauntlet | Entered a Gauntlet
 13653 | Gauntlet | Found a transporter.
 13662 | Gauntlet | Found a transporter.
 13663 | Gauntlet | Noticed a tengu warrior
 13665 | Gauntlet | Found a transporter.
 13666 | Gauntlet | Found a transporter.
 13709 | Gauntlet | Found a transporter.
 13714 | Gauntlet | Found a transporter.
 13718 | Gauntlet | Found a transporter.
 13723 | Gauntlet | Found a runed translucent gate.
 13725 | Gauntlet | Found a transporter.
 13726 | Gauntlet | Found a runed translucent gate.
 13727 | Gauntlet | Found a runed translucent gate.
 13729 | Gauntlet | Found a transporter.
 13735 | Gauntlet | Found a transporter.
 13743 | Gauntlet | Found a transporter.
 13747 | Gauntlet | Found a transporter.
 13752 | Gauntlet | Found a transporter.
 13761 | Gauntlet | Found a transporter.
 13878 | Gauntlet | Killed a tengu warrior
 14165 | Gauntlet | Identified the +8 battleaxe of Holding Execution {flame,
                  | Int+3}
 14165 | Gauntlet | Noticed a minotaur
 14199 | Gauntlet | Killed a minotaur
 14200 | Gauntlet | Reached skill level 5 in Invocations
 14212 | Gauntlet | Got the Anthology of Energy and Abhorrent Words
 14222 | Gauntlet | Identified the +0 hat of the Evening {Drain rC+ rN+ rCorr}
 14363 | Lair:3   | Found a transporter.
 14366 | Lair:3   | Found a bloodstained altar of Trog.
 14366 | Lair:3   | Noticed kawopi's ghost (journeyman DgTm)
 14440 | Lair:3   | Noticed a boulder beetle
 14467 | Lair:3   | Killed a boulder beetle
 14550 | Lair:3   | Found a hole to the Spider Nest.
 14684 | Lair:3   | Reached skill level 16 in Stealth
 14714 | Lair:3   | Learned a level 6 spell: Iron Shot
 14783 | Lair:3   | Reached ***** piety under Dithmenos
 15232 | Lair:4   | Noticed a six-headed hydra
 15236 | Lair:4   | Killed a six-headed hydra
 15237 | Lair:4   | Reached skill level 10 in Short Blades
 15281 | Lair:4   | Noticed an eight-headed hydra
 15601 | Lair:4   | Reached XP level 13. HP: 63/63 MP: 19/24
 15987 | Lair:4   | Reached skill level 1 in Earth Magic
 16026 | Lair:4   | Reached skill level 1 in Conjurations
 16661 | Lair:4   | Found a staircase to the Slime Pits.
 16813 | Lair:4   | Reached skill level 17 in Stealth
 17060 | Lair:4   | Reached skill level 5 in Fighting
 17417 | Lair:5   | Entered Level 5 of the Lair of Beasts
 17553 | Lair:5   | Noticed Rupert
 17556 | Lair:5   | Killed Rupert
 17687 | Lair:5   | Reached ****** piety under Dithmenos
 18295 | Lair:5   | Reached XP level 14. HP: 60/68 MP: 4/27
 18938 | Lair:5   | Reached skill level 18 in Stealth
 19155 | Lair:5   | Paralysed by a hornet for 1 turns
 19252 | Lair:5   | Learned a level 3 spell: Stone Arrow
 20120 | Orc:1    | Entered Level 1 of the Orcish Mines
 20253 | Orc:1    | Noticed Josephine
 20264 | Orc:1    | Killed Josephine
 20716 | Orc:1    | Found a runed translucent gate.
 20717 | Orc:1    | Found a runed translucent gate.
 20718 | Orc:1    | Found a runed translucent gate.
 20734 | Orc:1    | Noticed suzumiya's ghost (journeyman TrBe)
 21021 | Orc:2    | Entered Level 2 of the Orcish Mines
 21028 | Orc:2    | Noticed an orc warlord
 21275 | Orc:2    | Killed an orc warlord
 21666 | D:5      | Bought +0 pearl dragon scales for 1400 gold pieces
 21931 | Orc:2    | Found a staircase to the Elven Halls.
 22292 | Orc:2    | Reached skill level 10 in Dodging
 22617 | Orc:2    | Reached skill level 5 in Ice Magic
 23226 | Orc:2    | Reached skill level 19 in Stealth
 23419 | Orc:2    | Killed from afar by an ogre mage

Illustrated notes

Levels and vault maps discovered:
D:1:      lemuel_arrival_muddy, layout_loops_ring, serial_bayou,
          serial_bayou_pond_d, serial_bayou_pond_d, serial_bayou_lagoon_a,
          serial_bayou_pond_c
D:2:      minmay_spotlight, layout_rooms, basic_altar
D:3:      layout_basic, nicolae_overflow_hidden_temple, gup_sewer_entry_bowl,
          serial_shops, shop, shop, minivault_11, ebering_dispersal_statue_hall
D:4:      layout_loops_ring, kennysheep_little_box,
          nicolae_qazlal_scattered_showers,
          minmay_temple_entry_statues_fountains, serial_undead, serial_undead_a,
          serial_undead_d, serial_undead_e, serial_undead_d, uniq_duvessa
D:5:      layout_basic, serial_shops, nicolae_stop_n_shop_2,
          nicolae_alphabet_shops, uniq_menkaure, uniq_crazy_yiuf_cottage
D:6:      layout_loops_corners, mainiacjoe_overflow_alcove_3,
          grunt_decor_mini_mirrors
D:7:      black_bear_nest_1, layout_rooms, mainiacjoe_overflow_two_lobes,
          hangedman_decor_riveting, minmay_misc_feat_cross
D:8:      lemuel_bear_cage, layout_loops_corners, serial_shops, kennysheep_mini,
          shop, uniq_grum
D:9:      layout_loops_cross, slow_altar_1, gammafunk_ghost_hive,
          nicolae_fountain_basement, uniq_erica
D:10:     layout_irregular_city, due_lair_maze_entry_diamond, david_orc_2
Temple:   minmay_freezing_vapour_temple
Lair:1:   layout_cave_pods, columned_hall_lemuel
Lair:2:   layout_gridlike, minmay_shoals_entry_hut, uniq_sonja
Lair:3:   layout_misc_corridors, hellmonk_spider_entry_life_and_decay,
          gauntlet_entry_generic, gammafunk_ghost_wrathful_warriors,
          minivault_25
Lair:4:   hangedman_what_comes_after_a, layout_hall_layers,
          minmay_slime_entry_jelly_boxes, grunt_megastairs_3
Lair:5:   minmay_lair_end_enchanted_forest, layout_layer_cave,
          cheibrodos_lair_lostbears, uniq_rupert
Orc:1:    layout_diamond_mine, gammafunk_ghost_necromancy, basic_altar,
          nicolae_orc_flooded_monolith, lightli_orcish_oven, uniq_josephine
Orc:2:    st_orc_ogre_mass, layout_diamond_mine, basic_altar

Skill      XL: |  1  2  3  4  5  6  7  8  9 10 11 12 13 14 |
---------------+-------------------------------------------+-----
Stealth        | 5 6 7 8 9 11 12 13 15 16 17 19 | 19.0
Hexes          | 4 5 6 7 8 9 10 11 12 13 14 | 14.9
Short Blades   | 2 3 4 5 6 7 8 10 | 10.0
Ice Magic      | 1 2 3 4 5 |  5.1
Dodging        | 3 4 5 6 8 9 10 | 10.3
Evocations     | 3 4 5 7 8 9 |  9.5
Spellcasting   | 3 4 6 7 8 9 |  9.2
Invocations    | 2 3 4 5 6 7 |  7.4
Fighting       | 1 2 3 4 5 6 |  6.1
Earth Magic    | 2 3 |  3.7
Conjurations   | 2 3 |  3.0

Action                     |  1- 3 |  4- 6 |  7- 9 | 10-12 | 13-15 || total
---------------------------+-------+-------+-------+-------+-------++-------
  Melee: Dagger            |   100 |   182 |   394 |   371 |  1053 ||  2100
         Punch             |     1 |     2 |     5 |     5 |    21 ||    34
  Throw: Dart              |       |       |       |     4 |       ||     4
   Cast: Ensorcelled Hiber |     9 |    37 |    40 |   146 |   146 ||   378
         Confusing Touch   |       |     4 |     9 |     8 |    34 ||    55
         Tukima's Dance    |       |     1 |     4 |    19 |    63 ||    87
 Invoke: Shadow Step       |       |       |       |     1 |     3 ||     4
    Use: Potion            |     1 |       |     3 |     5 |     9 ||    18
         Scroll            |     4 |     1 |     5 |    16 |     5 ||    31
   Stab: Sleeping          |    16 |    39 |    55 |   124 |   108 ||   342
         Confused          |       |     3 |     7 |     7 |    27 ||    44
         Distracted        |       |     1 |       |       |     8 ||     9
         Invisible         |       |       |     2 |     6 |       ||     8
 Armour: Robe              |    11 |     9 |    22 |    11 |       ||    53
         Troll leather arm |       |       |       |    20 |    77 ||    97
         Pearl dragon scal |       |       |       |       |    33 ||    33
  Dodge: Dodged            |    73 |   124 |   265 |   253 |   736 ||  1451
